[Event "58th Akiba Rubinstein C 2022"]
[Site "Polanica-Zdroj"]
[Date "2022.08.15"]
[Round "3.13"]
[White "Chmielewski, Miroslaw"]
[Black "Dembowski, Andrzej"]
[Result "1-0"]
[ECO "B40"]
[WhiteElo "1571"]
[BlackElo "1810"]
[Annotator "NA RC"]
[PlyCount "93"]
[EventDate "2022.08.13"]
[EventCountry "POL"]
[SourceTitle "playchess.com"]
[Source "ChessBase"]
[SourceQuality "1"]
[TimeControl "40/5400+30:1800+30"]

1. e4 c5 2. Nf3 e6 3. c3 d6 4. d4 cxd4 5. Nxd4 Nf6 6. Bb5+ Bd7 7. Bxd7+ Nbxd7 8. Qe2 a6 9. Bg5 Be7 10. Nd2 O-O 11. O-O Qa5 12. Be3 Rac8 13. N4b3 Qc7 14. Bf4 Rfd8 15. Rfe1 e5 16. Bg3 Nf8 17. Rad1 Ne6 18. Nc1 Qc6 19. Nd3 Qa4 20. h3 Qb5 21. Nf1 Qc4 22. a3 Ng5 23. f3 Ne6 24. Ne3 Qc7 25. Nb4 Bf8 26. Nbd5 Nxd5 27. Nxd5 Qc6 28. Bf2 f6 29. g3 Kf7 30. Kh2 g6 31. Be3 Nc5 32. h4 Ne6 33. Qg2 Ng7 34. g4 Qb5 35. Rd2 Ne6 36. g5 fxg5 37. Bxg5 Re8 38. Nf6 h6 39. Nxe8 hxg5 40. Nxd6+ Bxd6 41. Rxd6 Rh8 42. Qd2 Rxh4+ 43. Kg1 Qc5+ 44. Re3 g4 45. b4 Qa7 46. Rxe6 Kxe6 47. Kg2 1-0

[Event "58th Akiba Rubinstein C 2022"]
[Site "Polanica-Zdroj"]
[Date "2022.08.15"]
[Round "3.14"]
[White "Bobrowski, Piotr"]
[Black "Janocha, Jan"]
[Result "1-0"]
[ECO "A13"]
[WhiteElo "1764"]
[BlackElo "1547"]
[Annotator "NA RC"]
[PlyCount "91"]
[EventDate "2022.08.13"]
[EventCountry "POL"]
[SourceTitle "playchess.com"]
[Source "ChessBase"]
[SourceQuality "1"]
[TimeControl "40/5400+30:1800+30"]

1. c4 e6 2. d4 d5 3. e3 Nf6 4. Nc3 b6 5. Bd2 Bb7 6. Nf3 Bd6 7. a3 O-O 8. b4 c5 9. Qb3 dxc4 10. Bxc4 cxd4 11. exd4 Nc6 12. O-O a5 13. b5 Ne7 14. Bg5 Ng6 15. d5 exd5 16. Nxd5 Bxd5 17. Bxd5 Bxh2+ 18. Kxh2 Qxd5 19. Qxd5 Nxd5 20. a4 f6 21. Bd2 Rfe8 22. Rfd1 Nge7 23. Rac1 Rac8 24. Nd4 Rxc1 25. Rxc1 Rc8 26. Nc6 Kf7 27. Kg3 g6 28. Kf3 Ke8 29. Ke4 Kd7 30. Nxe7 Nxe7 31. Rxc8 Nxc8 32. Be3 Ke6 33. Kd4 Ne7 34. Bf4 Nd5 35. Bb8 g5 36. g4 h6 37. f3 Ne7 38. Bc7 Nc8 39. Bd8 f5 40. Bc7 fxg4 41. fxg4 Kd7 42. Be5 Ne7 43. Bg7 Ng8 44. Be5 Ne7 45. Bg7 Ng8 46. Kd5 1-0

[Event "58th Akiba Rubinstein C 2022"]
[Site "Polanica-Zdroj"]
[Date "2022.08.16"]
[Round "4.1"]
[White "Kwiecien, Zbigniew"]
[Black "Marusenko, Petr"]
[Result "1-0"]
[ECO "A06"]
[WhiteElo "1937"]
[BlackElo "2075"]
[Annotator "NA RC"]
[PlyCount "66"]
[EventDate "2022.08.13"]
[EventCountry "POL"]
[SourceTitle "playchess.com"]
[Source "ChessBase"]
[SourceQuality "1"]
[TimeControl "40/5400+30:1800+30"]

1. Nf3 d5 2. g3 e6 3. Bg2 c5 4. O-O Nc6 5. b3 Nf6 6. Bb2 Be7 7. d3 O-O 8. Nbd2 d4 9. e4 dxe3 10. fxe3 Nd5 11. Qe2 Bf6 12. Bxf6 Nxf6 13. Nc4 Nd5 14. Qd2 Qc7 15. e4 Nb6 16. Ne3 Nd4 17. Nh4 Nd7 18. c3 Nc6 19. Qe2 Nde5 20. Rad1 Rd8 21. Nf3 Nxf3+ 22. Bxf3 b6 23. Qg2 Ne5 24. Be2 Bb7 25. d4 cxd4 26. cxd4 Qc3 27. Qf2 Rxd4 28. Rc1 Qb2 29. Rc2 Qa3 30. Nc4 Rxc4 31. Bxc4 Bxe4 32. Rc3 Bf5 33. Qd4 Nxc4 1-0

[Event "58th Akiba Rubinstein C 2022"]
[Site "Polanica-Zdroj"]
[Date "2022.08.16"]
[Round "4.2"]
[White "Pyka, Roman"]
[Black "Shilov, Sergej"]
[Result "0-1"]
[ECO "A46"]
[WhiteElo "1881"]
[BlackElo "2048"]
[Annotator "NA RC"]
[PlyCount "76"]
[EventDate "2022.08.13"]
[EventCountry "POL"]
[SourceTitle "playchess.com"]
[Source "ChessBase"]
[SourceQuality "1"]
[TimeControl "40/5400+30:1800+30"]

1. d4 Nf6 2. Nf3 c5 3. c4 cxd4 4. Nxd4 e5 5. Nb5 d5 6. cxd5 Qa5+ 7. N5c3 b5 8. Nd2 b4 9. Nce4 Nxe4 10. Nxe4 Bb7 11. Nd2 Qxd5 12. e4 Qd7 13. Be2 Bc5 14. Nb3 Qxd1+ 15. Bxd1 Bb6 16. O-O O-O 17. Re1 Rd8 18. Nd2 Nc6 19. Nc4 Bc7 20. Be3 Nd4 21. Rc1 f6 22. f3 Rac8 23. Bb3 Kf8 24. Kf2 Ba6 25. Red1 Bb5 26. Nd2 Bb6 27. Bc4 Ba4 28. b3 Be8 29. Nf1 a5 30. Ba6 Rxc1 31. Rxc1 Bf7 32. Rc8 Rxc8 33. Bxc8 a4 34. Nd2 Bc5 35. Bxd4 Bxd4+ 36. Ke2 Bc3 37. Nc4 Bxc4+ 38. bxc4 b3 0-1

[Event "58th Akiba Rubinstein C 2022"]
[Site "Polanica-Zdroj"]
[Date "2022.08.16"]
[Round "4.3"]
[White "Gromada, Andrzej"]
[Black "Gromczak, Dariusz"]
[Result "0-1"]
[ECO "A04"]
[WhiteElo "1680"]
[BlackElo "1906"]
[Annotator "NA RC"]
[PlyCount "101"]
[EventDate "2022.08.13"]
[EventCountry "POL"]
[SourceTitle "playchess.com"]
[Source "ChessBase"]
[SourceQuality "1"]
[TimeControl "40/5400+30:1800+30"]

1. Nf3 g6 2. e4 Bg7 3. d4 e6 4. Be2 Ne7 5. O-O d5 6. Nc3 O-O 7. Bg5 f6 8. Be3 f5 9. exd5 exd5 10. Ne5 f4 11. Bc1 c5 12. Nf3 cxd4 13. Nb5 Nbc6 14. Nbxd4 Nxd4 15. Nxd4 Nc6 16. Nxc6 bxc6 17. c3 Rb8 18. Qa4 Qc7 19. Bf3 Bd7 20. Re1 g5 21. h3 Rfe8 22. Rxe8+ Bxe8 23. Qd1 Bf7 24. Bh5 Bxh5 25. Qxh5 h6 26. Rb1 Qf7 27. Qf3 Qf5 28. Ra1 Qe4 29. Qxe4 dxe4 30. Kf1 Kf7 31. a4 a5 32. Ke2 Ke6 33. Kd2 Bf8 34. Kc2 Bc5 35. g3 Ke5 36. b4 axb4 37. cxb4 Bxf2 38. gxf4+ gxf4 39. Bd2 Bd4 40. Bc3 Rxb4 41. Bxd4+ Kxd4 42. a5 Rb7 43. a6 Ra7 44. Kd2 c5 45. h4 c4 46. Ra4 f3 47. Ra3 c3+ 48. Rxc3 Rxa6 49. Rc8 Ra7 50. Rc3 Ra6 51. Rc8 0-1

[Event "58th Akiba Rubinstein C 2022"]
[Site "Polanica-Zdroj"]
[Date "2022.08.16"]
[Round "4.4"]
[White "Zowada, Kazimierz"]
[Black "Mazalon, Mariusz"]
[Result "1/2-1/2"]
[ECO "A45"]
[WhiteElo "2041"]
[BlackElo "1994"]
[Annotator "NA RC"]
[PlyCount "87"]
[EventDate "2022.08.13"]
[EventCountry "POL"]
[SourceTitle "playchess.com"]
[Source "ChessBase"]
[SourceQuality "1"]
[TimeControl "40/5400+30:1800+30"]

1. d4 Nf6 2. Bg5 e6 3. e4 h6 4. Bxf6 Qxf6 5. Nf3 b6 6. Bd3 Bb7 7. O-O g6 8. Qe2 d6 9. c4 Bg7 10. Nc3 O-O 11. Rad1 Nd7 12. Bc2 Qe7 13. Rfe1 a6 14. Qe3 c6 15. e5 d5 16. cxd5 cxd5 17. h4 Rfc8 18. h5 g5 19. Nh2 b5 20. Qd3 Nf8 21. Rd2 Rc7 22. Qg3 Rac8 23. a3 f5 24. exf6 Qxf6 25. Ng4 Qf4 26. Qxf4 gxf4 27. Bd1 Bc6 28. Ne5 Be8 29. Bg4 a5 30. Ng6 Bxg6 31. hxg6 b4 32. axb4 axb4 33. Na4 Rc1 34. Kf1 Rxe1+ 35. Kxe1 Rc4 36. Nc5 Rxd4 37. Rxd4 Bxd4 38. Nxe6 Bxb2 39. Nxf4 Kg7 40. Bf5 Kf6 41. g4 Kg5 42. Nxd5 Nxg6 43. Kd2 b3 44. f3 1/2-1/2

[Event "58th Akiba Rubinstein C 2022"]
[Site "Polanica-Zdroj"]
[Date "2022.08.16"]
[Round "4.5"]
[White "fainberg, Boris"]
[Black "Michalik, Marek"]
[Result "1-0"]
[ECO "D38"]
[WhiteElo "2015"]
[BlackElo "1742"]
[Annotator "NA RC"]
[PlyCount "86"]
[EventDate "2022.08.13"]
[EventCountry "POL"]
[SourceTitle "playchess.com"]
[Source "ChessBase"]
[SourceQuality "1"]
[TimeControl "40/5400+30:1800+30"]

1. d4 Nf6 2. c4 e6 3. Nf3 d5 4. Nc3 Bb4 5. e3 O-O 6. Bd3 dxc4 7. Bxc4 Ne4 8. Qc2 Ng5 9. Ne5 f6 10. Nd3 Nc6 11. Nf4 Kh8 12. h4 Nf7 13. Bxe6 Qe7 14. Bxc8 Nxd4 15. Qd1 Nb5 16. Nfd5 Nxc3 17. bxc3 Bxc3+ 18. Nxc3 Raxc8 19. Qb3 Ne5 20. Nd5 Qe6 21. Bb2 Qa6 22. Bxe5 fxe5 23. h5 Qa5+ 24. Kf1 Qa6+ 25. Kg1 Qe2 26. Rf1 Rce8 27. Nc3 Qd3 28. Rd1 Qf5 29. Rd2 Re6 30. Qd1 e4 31. Rh4 g5 32. hxg6 Rxg6 33. g3 Qg5 34. Rf4 Rxf4 35. exf4 Qxf4 36. Rd8+ Kg7 37. Qd4+ Kh6 38. Nxe4 Qc1+ 39. Kg2 b6 40. Qe5 a5 41. Rd5 Qc6 42. Rd8 Qc1 43. Rd5 Qc6 1-0

[Event "58th Akiba Rubinstein C 2022"]
[Site "Polanica-Zdroj"]
[Date "2022.08.16"]
[Round "4.10"]
[White "Kruczynski, Marek"]
[Black "Uscinski, Marek"]
[Result "1/2-1/2"]
[ECO "B12"]
[WhiteElo "1651"]
[BlackElo "1824"]
[Annotator "NA RC"]
[PlyCount "45"]
[EventDate "2022.08.13"]
[EventCountry "POL"]
[SourceTitle "playchess.com"]
[Source "ChessBase"]
[SourceQuality "1"]
[TimeControl "40/5400+30:1800+30"]

1. e4 c6 2. d4 d5 3. e5 Bf5 4. h4 h5 5. Bg5 Qb6 6. Bd3 Qxd4 7. Nf3 Qg4 8. Bxf5 Qxf5 9. c4 Qe4+ 10. Be3 Qxc4 11. Nbd2 Qd3 12. Rc1 e6 13. Rc3 Qa6 14. a3 Nd7 15. b4 Ne7 16. Qc1 Ng6 17. b5 Qxb5 18. Nd4 Qa6 19. Nxc6 b6 20. f4 Bc5 21. Nb3 Bxe3 22. Qxe3 O-O 23. g4 1/2-1/2

[Event "58th Akiba Rubinstein C 2022"]
[Site "Polanica-Zdroj"]
[Date "2022.08.16"]
[Round "4.11"]
[White "Krupa, Jerzy"]
[Black "Chmielewski, Miroslaw"]
[Result "1-0"]
[ECO "C50"]
[WhiteElo "1771"]
[BlackElo "1571"]
[Annotator "NA"]
[PlyCount "32"]
[EventDate "2022.08.13"]
[EventCountry "POL"]
[SourceTitle "playchess.com"]
[Source "ChessBase"]
[SourceQuality "1"]
[TimeControl "40/5400+30:1800+30"]

1. e4 e5 2. Nf3 Nc6 3. Bc4 Bc5 4. O-O d6 5. c3 Nf6 6. d3 h6 7. Nbd2 O-O 8. b4 Bb6 9. a4 a5 10. b5 Ne7 11. Bb3 Ng6 12. Nc4 Bc5 13. d4 exd4 14. cxd4 Bb4 15. Qd3 Ne7 16. Ne3 c5 1-0

[Event "58th Akiba Rubinstein C 2022"]
[Site "Polanica-Zdroj"]
[Date "2022.08.16"]
[Round "4.12"]
[White "Wziatek, Marek"]
[Black "Chubar, Vladimir"]
[Result "1-0"]
[ECO "A10"]
[WhiteElo "1617"]
[BlackElo "1809"]
[Annotator "NA RC"]
[PlyCount "53"]
[EventDate "2022.08.13"]
[EventCountry "POL"]
[SourceTitle "playchess.com"]
[Source "ChessBase"]
[SourceQuality "1"]
[TimeControl "40/5400+30:1800+30"]

1. c4 g6 2. Nc3 Bg7 3. g3 e5 4. e3 Nc6 5. Nge2 d6 6. d4 Bg4 7. d5 Bf3 8. Rg1 Nce7 9. e4 f5 10. Qd3 Bh5 11. f3 Nf6 12. h3 fxe4 13. Nxe4 Nxe4 14. Qxe4 g5 15. Bxg5 O-O 16. Qh4 Rxf3 17. Qxh5 Rf7 18. Bg2 c6 19. Be4 Qb6 20. Bxh7+ Kf8 21. O-O-O cxd5 22. Rgf1 Nf5 23. Rxf5 Rxf5 24. Bxf5 Qf2 25. Be6 Qb6 26. Bf5 Qf2 27. Be6 1-0

[Event "58th Akiba Rubinstein C 2022"]
[Site "Polanica-Zdroj"]
[Date "2022.08.16"]
[Round "4.13"]
[White "Twarogiel, Tadeusz"]
[Black "Bartczak, Hanna"]
[Result "1-0"]
[ECO "D02"]
[WhiteElo "1767"]
[BlackElo "1479"]
[Annotator "NA RC"]
[PlyCount "116"]
[EventDate "2022.08.13"]
[EventCountry "POL"]
[SourceTitle "playchess.com"]
[Source "ChessBase"]
[SourceQuality "1"]
[TimeControl "40/5400+30:1800+30"]

1. d4 d5 2. Nf3 Nf6 3. c3 c6 4. Bg5 Bf5 5. Qb3 Qc8 6. Nbd2 Nbd7 7. Nh4 Be6 8. Nhf3 h6 9. Bh4 Bf5 10. e3 e6 11. Bg3 Be7 12. Be2 O-O 13. h3 Bd8 14. c4 Bc7 15. Bxc7 Qxc7 16. Rc1 Qb6 17. O-O Rfc8 18. Rc3 Ne4 19. Nxe4 Bxe4 20. Nd2 Bg6 21. Rfc1 Nf6 22. Bf3 Qxb3 23. Rxb3 Rab8 24. Rbc3 Kf8 25. b4 Ke7 26. cxd5 exd5 27. Nb3 Ne4 28. Bxe4 Bxe4 29. b5 Kd7 30. Nc5+ Kd6 31. Nxe4+ dxe4 32. Kf1 Rc7 33. bxc6 bxc6 34. R1c2 Rb1+ 35. Ke2 Rg1 36. g3 Rb1 37. Rc5 Rb5 38. Kd2 g6 39. g4 f6 40. Ke2 Rxc5 41. Rxc5 Rb7 42. Ra5 Ke6 43. Kf1 f5 44. Kg2 Kf6 45. Kg3 fxg4 46. hxg4 g5 47. Ra6 Rc7 48. f3 exf3 49. Kxf3 Ke6 50. Ke4 Kf7 51. Kf5 Kg7 52. a4 Kf7 53. e4 Kg7 54. e5 Rf7+ 55. Ke6 Rf4 56. Rxc6 Rxd4 57. Rc7+ Kg6 58. Rxa7 Rxg4 1-0

[Event "58th Akiba Rubinstein C 2022"]
[Site "Polanica-Zdroj"]
[Date "2022.08.17"]
[Round "5.2"]
[White "Shilov, Sergej"]
[Black "fainberg, Boris"]
[Result "1/2-1/2"]
[ECO "E21"]
[WhiteElo "2048"]
[BlackElo "2015"]
[Annotator "NA RC"]
[PlyCount "104"]
[EventDate "2022.08.13"]
[EventCountry "POL"]
[SourceTitle "playchess.com"]
[Source "ChessBase"]
[SourceQuality "1"]
[TimeControl "40/5400+30:1800+30"]

1. d4 Nf6 2. Nf3 e6 3. c4 b6 4. Nc3 Bb4 5. g3 Ba6 6. Qb3 Bxc3+ 7. Qxc3 O-O 8. Bg2 d5 9. b3 Nbd7 10. O-O Rc8 11. cxd5 exd5 12. Re1 Re8 13. Qb2 c5 14. Bg5 h6 15. Bxf6 Nxf6 16. e3 Bd3 17. Ne5 Be4 18. f3 Bf5 19. e4 Be6 20. dxc5 bxc5 21. Rad1 Qb6 22. exd5 Bxd5 23. Qf2 c4 24. Qxb6 axb6 25. bxc4 Bxc4 26. Nxc4 Rxe1+ 27. Rxe1 Rxc4 28. Re2 g5 29. Rb2 Rc1+ 30. Kf2 Kg7 31. Bf1 h5 32. Be2 Rc6 33. h4 g4 34. fxg4 Nxg4+ 35. Bxg4 hxg4 36. Ke3 Rf6 37. Ke4 Rf3 38. Rb3 Rf2 39. a4 f6 40. Rxb6 Rf3 41. Rb1 Rxg3 42. Ra1 Rh3 43. a5 Rxh4 44. a6 Rh8 45. a7 Ra8 46. Kf4 Kf7 47. Ra6 Ke7 48. Kxg4 Kd8 49. Kf5 Kc7 50. Kxf6 Kb7 51. Ra1 Rxa7 52. Rxa7+ Kxa7 1/2-1/2

[Event "58th Akiba Rubinstein C 2022"]
[Site "Polanica-Zdroj"]
[Date "2022.08.17"]
[Round "5.3"]
[White "Marusenko, Petr"]
[Black "Twarogiel, Tadeusz"]
[Result "1/2-1/2"]
[ECO "D15"]
[WhiteElo "2075"]
[BlackElo "1767"]
[Annotator "NA RC"]
[PlyCount "50"]
[EventDate "2022.08.13"]
[EventCountry "POL"]
[SourceTitle "playchess.com"]
[Source "ChessBase"]
[SourceQuality "1"]
[TimeControl "40/5400+30:1800+30"]

1. d4 d5 2. c4 c6 3. Nc3 Nf6 4. Nf3 Bf5 5. e3 e6 6. Nh4 Be4 7. f3 Bg6 8. Qb3 Qb6 9. c5 Qc7 10. Bd2 Be7 11. g3 Nbd7 12. Nxg6 hxg6 13. Bd3 e5 14. Qa3 Nh5 15. Ne2 Nhf6 16. b4 O-O 17. O-O a6 18. Qb3 Rfe8 19. a4 Nh7 20. b5 exd4 21. exd4 Bg5 22. f4 Bf6 23. Qc3 Nhf8 24. bxa6 bxa6 25. Qb4 a5 1/2-1/2

[Event "58th Akiba Rubinstein C 2022"]
[Site "Polanica-Zdroj"]
[Date "2022.08.17"]
[Round "5.4"]
[White "Krupa, Jerzy"]
[Black "Zowada, Kazimierz"]
[Result "1-0"]
[ECO "B06"]
[WhiteElo "1771"]
[BlackElo "2041"]
[Annotator "NA RC"]
[PlyCount "44"]
[EventDate "2022.08.13"]
[EventCountry "POL"]
[SourceTitle "playchess.com"]
[Source "ChessBase"]
[SourceQuality "1"]
[TimeControl "40/5400+30:1800+30"]

1. e4 g6 2. d4 Bg7 3. Nc3 c6 4. f4 d5 5. e5 f5 6. Be3 Nh6 7. Nf3 O-O 8. Bd3 Nd7 9. Qd2 e6 10. O-O-O b5 11. h3 Qa5 12. Kb1 b4 13. Ne2 c5 14. dxc5 Nxc5 15. Bxc5 Qxc5 16. Ned4 Bd7 17. Rdg1 Qb6 18. g4 a5 19. gxf5 Nxf5 20. Bxf5 gxf5 21. Qg2 Rf7 22. Qg3 h6 1-0

[Event "58th Akiba Rubinstein C 2022"]
[Site "Polanica-Zdroj"]
[Date "2022.08.17"]
[Round "5.5"]
[White "Wziatek, Marek"]
[Black "Pyka, Roman"]
[Result "0-1"]
[ECO "A34"]
[WhiteElo "1617"]
[BlackElo "1881"]
[Annotator "NA RC"]
[PlyCount "96"]
[EventDate "2022.08.13"]
[EventCountry "POL"]
[SourceTitle "playchess.com"]
[Source "ChessBase"]
[SourceQuality "1"]
[TimeControl "40/5400+30:1800+30"]

1. c4 Nf6 2. Nc3 c5 3. g3 d5 4. cxd5 Nxd5 5. Bg2 Nc7 6. Nf3 Nc6 7. O-O e5 8. d3 Be7 9. Be3 O-O 10. Rc1 Be6 11. Nd2 Qd7 12. Qa4 Nd4 13. Qxd7 Bxd7 14. f4 Nf5 15. Bf2 exf4 16. gxf4 Rab8 17. Nd5 Nxd5 18. Bxd5 b6 19. e4 Nd6 20. Nc4 Nxc4 21. dxc4 Rfd8 22. Bg3 Bd6 23. e5 Bc7 24. f5 Be8 25. Bh4 Rxd5 26. cxd5 Bxe5 27. Rc2 f6 28. Bg3 Bd4+ 29. Kg2 Rd8 30. Re1 Bd7 31. Rce2 Bxf5 32. Re8+ Rxe8 33. Rxe8+ Kf7 34. Re1 Bxb2 35. d6 Be6 36. Rd1 Bd4 37. Bf2 Bd5+ 38. Kg1 Ke6 39. d7 Kxd7 40. Bxd4 cxd4 41. Rxd4 Kc6 42. a3 g5 43. Kf2 Kc5 44. Ke3 b5 45. Kd3 f5 46. Kc3 f4 47. Rd1 g4 48. Re1 g3 0-1

[Event "58th Akiba Rubinstein C 2022"]
[Site "Polanica-Zdroj"]
[Date "2022.08.17"]
[Round "5.6"]
[White "Wrzos, Waldemar"]
[Black "Fikus, Zygmunt"]
[Result "0-1"]
[ECO "B24"]
[WhiteElo "1610"]
[BlackElo "1891"]
[Annotator "NA RC"]
[PlyCount "123"]
[EventDate "2022.08.13"]
[EventCountry "POL"]
[SourceTitle "playchess.com"]
[Source "ChessBase"]
[SourceQuality "1"]
[TimeControl "40/5400+30:1800+30"]

1. e4 c5 2. Nc3 Nc6 3. a3 Nf6 4. Bc4 e6 5. d3 Be7 6. Nge2 O-O 7. Bg5 a6 8. O-O b5 9. Ba2 Bb7 10. Ng3 h6 11. Bd2 Rc8 12. f4 Nd4 13. Nce2 Nxe2+ 14. Qxe2 d6 15. f5 e5 16. Nh5 d5 17. Nxf6+ Bxf6 18. Rad1 dxe4 19. dxe4 Qd4+ 20. Kh1 Qxe4 21. Qxe4 Bxe4 22. Be3 Rfd8 23. Rxd8+ Rxd8 24. h3 c4 25. Bb1 h5 26. Kh2 h4 27. g4 hxg3+ 28. Kxg3 a5 29. Kg4 Rd5 30. h4 b4 31. axb4 axb4 32. Ba2 b3 33. cxb3 cxb3 34. Bb1 Bxb1 35. Rxb1 Rd3 36. Re1 Rd5 37. Re2 Ra5 38. Bg5 Ra4+ 39. Kg3 Bxg5 40. hxg5 f6 41. g6 Kf8 42. Re3 Rb4 43. Rc3 Rb7 44. Rc8+ Ke7 45. Rg8 Kd6 46. Kf3 Rb4 47. Ke3 Rf4 48. Rxg7 Rxf5 49. Rf7 Ke6 50. Rf8 Rg5 51. Re8+ Kd7 52. Rg8 Ke7 53. Ke4 Rg4+ 54. Kf3 f5 55. Rg7+ Kf6 56. Rg8 Rxg6 57. Rb8 Rh6 58. Kg3 f4+ 59. Kg4 Rg6+ 60. Kf3 Rg3+ 61. Ke4 Re3+ 62. Kd5 0-1

[Event "58th Akiba Rubinstein C 2022"]
[Site "Polanica-Zdroj"]
[Date "2022.08.17"]
[Round "5.7"]
[White "Mazalon, Mariusz"]
[Black "Galyga, Jozef"]
[Result "1-0"]
[ECO "A93"]
[WhiteElo "1994"]
[BlackElo "1695"]
[Annotator "NA RC"]
[PlyCount "83"]
[EventDate "2022.08.13"]
[EventCountry "POL"]
[SourceTitle "playchess.com"]
[Source "ChessBase"]
[SourceQuality "1"]
[TimeControl "40/5400+30:1800+30"]

1. d4 e6 2. c4 f5 3. g3 Nf6 4. Bg2 d5 5. Nf3 Be7 6. O-O O-O 7. b3 Nc6 8. Bb2 Ne4 9. Nbd2 Bd7 10. e3 a5 11. a3 Bf6 12. Ne5 Qe7 13. Nd3 a4 14. cxd5 exd5 15. b4 Na7 16. Nf4 Qd6 17. Nf3 Nc8 18. Qc2 Bb5 19. Rfe1 g5 20. Nd3 Bxd3 21. Qxd3 Bg7 22. Ne5 g4 23. f3 gxf3 24. Bxf3 Qe7 25. Re2 Ncd6 26. Rf1 c6 27. Rg2 Ng5 28. h4 Ngf7 29. g4 Kh8 30. Nxf7+ Rxf7 31. g5 f4 32. Bh5 Rff8 33. exf4 Nf5 34. Re2 Qd6 35. Bg4 Nxh4 36. f5 Rfe8 37. f6 Bf8 38. Re5 Rad8 39. Qh3 Ng6 40. Bf5 Nh4 41. Bg4 Ng6 42. Bf5 1-0

[Event "58th Akiba Rubinstein C 2022"]
[Site "Polanica-Zdroj"]
[Date "2022.08.17"]
[Round "5.8"]
[White "Sobotka, Jan"]
[Black "Szylko, Waldemar"]
[Result "0-1"]
[ECO "B12"]
[WhiteElo "1594"]
[BlackElo "1911"]
[Annotator "NA RC"]
[PlyCount "66"]
[EventDate "2022.08.13"]
[EventCountry "POL"]
[SourceTitle "playchess.com"]
[Source "ChessBase"]
[SourceQuality "1"]
[TimeControl "40/5400+30:1800+30"]

1. e4 c6 2. d4 d5 3. e5 Bf5 4. Nf3 e6 5. c4 Ne7 6. Nh4 Bg6 7. Bg5 Qb6 8. Qd2 Nd7 9. c5 Qc7 10. Nc3 b6 11. b4 a5 12. bxa5 bxc5 13. dxc5 Qxe5+ 14. Be3 Qc7 15. Nxg6 hxg6 16. a6 e5 17. Be2 d4 18. Bxd4 exd4 19. Qxd4 Nf5 20. Qe4+ Be7 21. Nb5 Qa5+ 22. Kf1 O-O 23. Qxc6 Nxc5 24. a7 Rac8 25. Qf3 Bf6 26. Rd1 Qxa2 27. g4 Nh4 28. Qd5 Qa4 29. Qc4 Qa5 30. Nd6 Rcd8 31. Nb5 Rxd1+ 32. Bxd1 Rd8 33. Ke2 Qd2+ 0-1

[Event "58th Akiba Rubinstein C 2022"]
[Site "Polanica-Zdroj"]
[Date "2022.08.17"]
[Round "5.9"]
[White "Kawula, Andrzej"]
[Black "Kruczynski, Marek"]
[Result "1-0"]
[ECO "A57"]
[WhiteElo "1870"]
[BlackElo "1651"]
[Annotator "NA RC"]
[PlyCount "57"]
[EventDate "2022.08.13"]
[EventCountry "POL"]
[SourceTitle "playchess.com"]
[Source "ChessBase"]
[SourceQuality "1"]
[TimeControl "40/5400+30:1800+30"]

1. d4 Nf6 2. c4 c5 3. d5 a6 4. Nc3 b5 5. cxb5 axb5 6. Bg5 b4 7. Bxf6 gxf6 8. Ne4 f5 9. Nxc5 Bg7 10. Qd2 Qb6 11. Nb3 Bb7 12. e3 O-O 13. Nf3 e5 14. Be2 d6 15. O-O Bf6 16. Rfc1 Nd7 17. Rc4 Ra4 18. a3 Nc5 19. Nxc5 dxc5 20. Rac1 Rd8 21. Rxc5 bxa3 22. bxa3 Qd6 23. Qb2 Ba8 24. Qb3 Rg4 25. Ne1 Bxd5 26. Qd1 Rg6 27. Rc8 Qe6 28. Rxd8+ Bxd8 29. Rc5 1-0

[Event "58th Akiba Rubinstein C 2022"]
[Site "Polanica-Zdroj"]
[Date "2022.08.17"]
[Round "5.10"]
[White "Gregulski, Zbigniew"]
[Black "Krasowski, Slawomir"]
[Result "1/2-1/2"]
[ECO "D90"]
[WhiteElo "1591"]
[BlackElo "1855"]
[Annotator "NA RC"]
[PlyCount "66"]
[EventDate "2022.08.13"]
[EventCountry "POL"]
[SourceTitle "playchess.com"]
[Source "ChessBase"]
[SourceQuality "1"]
[TimeControl "40/5400+30:1800+30"]

1. d4 Nf6 2. c4 g6 3. Nc3 d5 4. Nf3 Bg7 5. g3 c6 6. cxd5 Nxd5 7. Bg2 O-O 8. O-O Nd7 9. Nxd5 cxd5 10. Bf4 Nb6 11. Rc1 Nc4 12. b3 Nd6 13. Ne5 Be6 14. Qd2 Ne4 15. Qb2 g5 16. Be3 f6 17. Nd3 b6 18. Rc2 Qd7 19. Rfc1 Rfc8 20. f3 Nd6 21. Bf2 Bf5 22. Rxc8+ Rxc8 23. Ne1 h5 24. e3 e6 25. Bf1 g4 26. Be2 gxf3 27. Bxf3 Bg6 28. Ng2 Bh6 29. Nf4 Bxf4 30. gxf4 Kf7 31. Rxc8 Qxc8 32. Qe2 Qh8 33. Qa6 Qb8 1/2-1/2

[Event "58th Akiba Rubinstein C 2022"]
[Site "Polanica-Zdroj"]
[Date "2022.08.17"]
[Round "5.11"]
[White "Bukowska, Katarzyna"]
[Black "Klama, Andrzej"]
[Result "1-0"]
[ECO "C00"]
[WhiteElo "1842"]
[BlackElo "1441"]
[Annotator "NA RC"]
[PlyCount "105"]
[EventDate "2022.08.13"]
[EventCountry "POL"]
[SourceTitle "playchess.com"]
[Source "ChessBase"]
[SourceQuality "1"]
[TimeControl "40/5400+30:1800+30"]

1. e4 e6 2. d4 b6 3. Nf3 Bb7 4. Bd3 Nf6 5. e5 Nd5 6. c4 Ne7 7. O-O g6 8. Bg5 d5 9. exd6 cxd6 10. Bf6 Rg8 11. Nc3 Bg7 12. Bxg7 Rxg7 13. Re1 Kf8 14. Ne4 Bxe4 15. Bxe4 d5 16. cxd5 exd5 17. Bd3 Nbc6 18. Rc1 f6 19. Re6 Nb4 20. Rxf6+ Kg8 21. a3 Nxd3 22. Qxd3 Nf5 23. Rfc6 Re7 24. Ne5 Qe8 25. f4 Rd8 26. Rc7 Rxc7 27. Rxc7 Qa4 28. b4 a5 29. Ng4 Rd6 30. Qe2 axb4 31. Rc8+ Kf7 32. Ne5+ Kg7 33. Nf3 bxa3 34. Qe5+ Kh6 35. Ng5 Qxd4+ 36. Qxd4 Nxd4 37. Nf7+ Kg7 38. Nxd6 a2 39. Ra8 Ne2+ 40. Kf2 Nc3 41. Ke3 b5 42. Nxb5 Nxb5 43. Rxa2 Kf6 44. Ra5 Nc7 45. Rc5 d4+ 46. Ke4 Ne6 47. Rc6 Ke7 48. Ke5 Nd8 49. Rc7+ Ke8 50. Ke4 h5 51. Rg7 Ne6 52. Rxg6 Kf7 53. Rxe6 1-0

[Event "58th Akiba Rubinstein C 2022"]
[Site "Polanica-Zdroj"]
[Date "2022.08.17"]
[Round "5.12"]
[White "Uscinski, Marek"]
[Black "Gromada, Andrzej"]
[Result "1/2-1/2"]
[ECO "C01"]
[WhiteElo "1824"]
[BlackElo "1680"]
[Annotator "NA RC"]
[PlyCount "42"]
[EventDate "2022.08.13"]
[EventCountry "POL"]
[SourceTitle "playchess.com"]
[Source "ChessBase"]
[SourceQuality "1"]
[TimeControl "40/5400+30:1800+30"]

1. d4 e6 2. e4 d5 3. exd5 exd5 4. Bd3 c5 5. dxc5 Bxc5 6. Nf3 Nc6 7. O-O Nge7 8. c3 Bg4 9. Bf4 d4 10. Be2 dxc3 11. Nxc3 O-O 12. a3 a6 13. Rc1 Ba7 14. h3 Bf5 15. Qxd8 Raxd8 16. Rfd1 h6 17. Kf1 Be6 18. Bd6 Rfe8 19. Bxe7 Nxe7 20. Rxd8 Rxd8 21. Rd1 Rxd1+ 1/2-1/2